 Dungeon Crawl Stone Soup version 0.28.0-53-g5a82cb258f (webtiles) character file.

Game seed: 5392781621916357116

264189 Peloso the Impregnable (level 19, -4/188 HPs)
             Began as a Minotaur Fighter on July 22, 2022.
             Was the Champion of Okawaru.
             Constricted to death by a shambling mangrove (21 damage)
             ... on level 4 of the Swamp.
             The game lasted 01:38:47 (38721 turns).

Peloso the Impregnable (Minotaur Fighter)          Turns: 38721, Time: 01:38:52

Health: -4/188     AC: 38    Str: 31    XL:     19   Next: 65%
Magic:  18/20      EV:  9    Int:  3    God:    Okawaru [******]
Gold:   1993       SH: 22    Dex: 18    Spells: 20/20 levels left

rFire   + + .      SeeInvis .   a - +6 double sword (spect)
rCold   + + +      Faith    .   c - +4 kite shield "Wanou" {Will+}
rNeg    + . .      Spirit   .   p - +3 gold dragon scales
rPois   +          Reflect  .   (helmet restricted)
rElec   +          Harm     .   l - +1 cloak "Gagatt" {rF+ rC+ Dex+5}
rCorr   .          Rampage  .   s - +0 pair of gloves of Wariness {rC+ rN+ Regen+ Str+5 Int-4}
Will    ++...                   M - +1 pair of boots "Vitusuec" {+Inv}
Stlth   ..........              e - amulet "Reokayt" {rElec Regen+}
HPRegen 2.01/turn               u - +4 ring of slaying
MPRegen 0.17/turn               x - ring of flight

@: heroic, grasped by roots, flying, constricted, studying Translocations
A: horns 2, retaliatory headbutt, talons 1, clever 1
}: 1/15 runes: serpentine
a: Renounce Religion, Evoke Invisibility, Heroism, Finesse, Duel


You were on level 4 of the Swamp.
You worshipped Okawaru.
Okawaru was exalted by your worship.
You visited 7 branches of the dungeon, and saw 35 of its levels.
You visited the Abyss 1 time.

You collected 4322 gold pieces.
You spent 2329 gold pieces at shops.

Inventory:

Hand Weapons
 a - a +6 spectral double sword (weapon)
 b - a +0 vorpal double sword
 i - a +3 scimitar of flaming
 m - a +1 demon blade of venom
Armour
 c - the +4 kite shield "Wanou" (worn) {Will+}
   (Okawaru gifted it to you on level 1 of the Swamp)

   Will:      It increases your willpower.
 f - a scarf of resistance
 l - the +1 cloak "Gagatt" (worn) {rF+ rC+ Dex+5}
   (You bought it in a shop on level 3 of the Snake Pit)

   Dex:       It affects your dexterity (+5).
   rF:        It protects you from fire.
   rC:        It protects you from cold.
 p - +3 gold dragon scales (worn)
 s - the +0 pair of gloves of Wariness (worn) {rC+ rN+ Regen+ Str+5 Int-4}
   (Okawaru gifted it to you on level 13 of the Dungeon)

   Str:       It affects your strength (+5).
   Int:       It affects your intelligence (-4).
   rC:        It protects you from cold.
   rN:        It protects you from negative energy.
   Regen:     It increases your rate of health regeneration.
 B - a +1 kite shield of reflection
 M - the +1 pair of boots "Vitusuec" (worn) {+Inv}
   (Okawaru gifted it to you on level 2 of the Lair of Beasts)

   +Inv:      It lets you turn invisible.
Jewellery
 e - the amulet "Reokayt" (around neck) {rElec Regen+}
   (You acquired it on level 4 of the Dungeon)

   [amulet of regeneration]

   rElec:     It insulates you from electricity.
   Regen:     It increases your rate of health regeneration.
 q - an amulet of reflection
 u - a +4 ring of slaying (left hand)
 x - a ring of flight (right hand)
 y - an amulet of faith
 z - a +4 ring of evasion
 D - a ring of poison resistance
 U - the ring of Leq Udgh {rN+ Int+4 SInv}
   (You found it on level 3 of the Elven Halls)

   [ring of see invisible]

   Int:       It affects your intelligence (+4).
   rN:        It protects you from negative energy.
   SInv:      It lets you see invisible.
Wands
 g - a wand of flame (22)
 E - a wand of iceblast (2)
 H - a wand of acid (3)
 L - a wand of digging (11)
Scrolls
 j - 6 scrolls of noise
 o - a scroll of amnesia
 t - a scroll of enchant weapon
 v - 7 scrolls of immolation
 C - 2 scrolls of blinking
 G - a scroll of fog
 I - 3 scrolls of teleportation
 O - a scroll of acquirement
 X - a scroll of fear
 Y - 3 scrolls of magic mapping
Potions
 d - 5 potions of might
 h - 10 potions of curing
 k - a potion of magic
 n - 3 potions of resistance
 r - 4 potions of berserk rage
 w - 4 potions of invisibility
 A - 4 potions of haste
 F - 3 potions of heal wounds
 Z - 2 potions of mutation


   Skills:
 + Level 20.8(25.8) Fighting
 + Level 1.9(17.9) Short Blades
 + Level 21.0(26.0) Long Blades
 + Level 2.1(8.6) Axes
 + Level 2.1(8.0) Maces & Flails
 + Level 3.8(9.4) Polearms
 + Level 2.1(8.6) Staves
 + Level 1.9(7.3) Slings
 + Level 1.9(6.9) Bows
 + Level 1.9(6.9) Crossbows
 + Level 1.7(7.1) Throwing
 + Level 21.4(26.4) Armour
 + Level 2.6(7.6) Dodging
 + Level 4.0(9.0) Stealth
 + Level 19.6(24.6) Shields
 + Level 1.9(6.9) Unarmed Combat
 + Level 1.1 Spellcasting
 + Level 1.2 Conjurations
 + Level 1.1 Hexes
 + Level 1.2 Summonings
 + Level 1.2 Necromancy
 + Level 2.0 Translocations
 + Level 1.3 Transmutations
 + Level 1.2 Fire Magic
 + Level 1.2 Ice Magic
 + Level 1.2 Air Magic
 + Level 1.3 Earth Magic
 + Level 1.2 Poison Magic
 + Level 2.9 Invocations
 + Level 2.6 Evocations


You had 20 spell levels left.
You didn't know any spells.
Your spell library contained the following spells:

 Spells                   Type           Power      Damage    Failure   Level
 Apportation              Tloc           2%         N/A       82%         1
 Beastly Appendage        Tmut           0%         N/A       88%         1
 Sandblast                Erth           0%         2d4       88%         1
 Freeze                   Ice            0%         1d3       89%         1
 Corpse Rot               Necr/Air       0%         N/A       96%         2
 Passwall                 Tmut/Erth      0%         N/A       96%         2
 Poisonous Vapours        Pois/Air       0%         N/A       96%         2
 Scorch                   Fire           0%         2d5       96%         2
 Static Discharge         Conj/Air       0%         N/A       96%         2
 Sublimation of Blood     Necr           0%         N/A       96%         2
 Wereblood                Tmut           0%         N/A       96%         2
 Ensorcelled Hibernation  Hex/Ice        0%         N/A       97%         2
 Frozen Ramparts          Ice            0%         1d2       99%         3
 Gell's Gravitas          Tloc           1%         N/A       99%         3
 Lesser Beckoning         Tloc           1%         N/A       99%         3
 Portal Projectile        Hex/Tloc       2%         N/A       99%         3
 Spider Form              Tmut/Pois      0%         N/A       99%         3
 Stone Arrow              Conj/Erth      0%         3d7       99%         3
 Teleport Other           Tloc           1%         N/A       99%         3
 Airstrike                Air            0%         N/A       100%        4
 Flame Wave               Conj/Fire      0%         2d4       100%        4
 Hailstorm                Conj/Ice       0%         3d3       100%        4
 Leda's Liquefaction      Hex/Erth       0%         N/A       100%        4
 Passage of Golubria      Tloc           1%         N/A       100%        4
 Lightning Bolt           Conj/Air       0%         1d11      100%        5
 Yara's Violent Unravell  Hex/Tmut       0%         3d3       100%        5
 Maxwell's Capacitive Co  Air            0%         ∞         100%        8
 Necromutation            Tmut/Necr      0%         N/A       100%        8
 Animate Skeleton         Necr           Unusable   N/A       N/A         1
 Summon Small Mammal      Summ           Unusable   N/A       N/A         1
 Call Canine Familiar     Summ           Unusable   N/A       N/A         3
 Tukima's Dance           Hex            Unusable   N/A       N/A         3
 Summon Lightning Spire   Summ/Air       Unusable   N/A       N/A         4
 Summon Cactus Giant      Summ           Unusable   N/A       N/A         6
 Infestation              Necr           Unusable   N/A       N/A         8

Dungeon Overview and Level Annotations

Branches:
Dungeon (15/15)            Temple (1/1) D:5            Lair (6/6) D:8
  Swamp (4/4) Lair:3        Snake (4/4) Lair:3        Slime (0/5) Lair:6
    Orc (2/2) D:10            Elf (3/3) Orc:2        Vaults (0/5) D:14
 Depths (0/4) D:15

Altars:
Ashenzari
Cheibriados
Dithmenos
Elyvilon
Fedhas
Gozag
Hepliaklqana
Kikubaaqudgha
Makhleb
Nemelex Xobeh
Okawaru
Qazlal
Ru
Sif Muna
Trog
Uskayaw
Vehumet
Wu Jian
Xom
Yredelemnul
Zin
The Shining One
Beogh
Jiyva
Lugonu

Shops:
D:5 (   D:8 !   D:10 (*[*[   D:15 =   Orc:1 (   Orc:2 :!(*   Elf:2 [
Snake:3 [**=   Snake:4 *[(*

Annotations:
D:15 Casa
Lair:4 Flight


Innate Abilities, Weirdness & Mutations

You have a pair of horns on your head.
You reflexively headbutt those who attack you in melee.
You have sharp toenails.
Your mind is acute. (Int +2)


Message History

The grasping roots constrict you!!
* * * LOW HITPOINT WARNING * * *
Things that are here:
a +0 quarterstaff; a +0 robe; a spriggan corpse Unknown command.
Your +3 scimitar of flaming bursts into flame!
i - a +3 scimitar of flaming (weapon)
You gain the combat prowess of a mighty hero.
The seven-headed hydra bites you but does no damage.
You block the seven-headed hydra's attack.
The seven-headed hydra bites you but does no damage. x2
The seven-headed hydra misses you.
You block the seven-headed hydra's attack.
The seven-headed hydra bites you but does no damage.
The grasping roots constrict you!
* * * LOW HITPOINT WARNING * * *
You chop one of the seven-headed hydra's heads off!
The flame cauterises the wound!
You slice the six-headed hydra!! You burn the six-headed hydra.
You headbutt the six-headed hydra!!
The six-headed hydra is almost dead.
The roots lose their grip on you.
You block the six-headed hydra's attack. x2
The six-headed hydra bites you!
* * * LOW HITPOINT WARNING * * *
The six-headed hydra closely misses you.
The six-headed hydra barely misses you.
You block the six-headed hydra's attack.
You slice one of the six-headed hydra's heads off!
The flame cauterises the wound!
You slash the five-headed hydra! You burn the five-headed hydra.
You kill the five-headed hydra!
Okawaru accepts your kill.
Unknown command.
Your +3 scimitar of flaming stops flaming.
You feel a bond with your +6 spectral double sword.
a - a +6 spectral double sword (weapon)
Roots burst forth from the earth!
The grasping roots grab you! The grasping roots constrict you!!
You die...

.≈♣ #D ##♣..[ ♣♣≈≈ #.
#§.. ♣≈≈ #k #♣♣. ♣♣f♣
# #≈ ♣≈≈♣ #♣ ♣ ♣≈♣#
#♣ ♣≈ ♣.♣# #.
♣≈≈♣♣≈≈♣ #♣≈ ♣≈@†.♣
#♣§≈ ♣.≈≈....≈♣ #♣...
≈≈≈.♣≈..≈≈..♣ #♣.§≈≈
≈≈≈ ♣......≈(≈♣
##♣.§§≈≈ ≈
/.≈≈≈≈≈.≈≈≈ ♣.≈.≈≈≈≈
...≈≈≈..≈...≈≈≈♣≈.≈≈.
≈≈.≈≈≈≈.♣♣.≈.≈≈
♣♣♣♣.≈ .≈≈≈≈≈≈≈≈♣
♣♣♣♣≈≈♣♣♣♣.≈
♣..≈♣....≈


You could see a shambling mangrove.

Vanquished Creatures
  Vashnia (Snake:4)
  A bone dragon (Abyss:3)
  Rupert (Lair:6)
  The ghost of dvd2 the Unseen, an adept MfGl of Gozag (Elf:2)
  A lich (Abyss:3)
  4 deep elf blademasters
  2 deep elf master archers (Elf:3)
  Frances (D:13)
  4 tentacled starspawn (Abyss:3)
  An Executioner (Abyss:3)
  The ghost of hitsuchi the Devastator, an adept DgCj (Swamp:3)
  Kirke (D:13)
  A thorn hunter (Swamp:3)
  8 nagarajas
  Donald (Swamp:1)
  An azure jelly (Lair:6)
  9 deep elf sorcerers
  Aizul (Swamp:4)
  7 deep elf elementalists (Elf:3)
  3 ghouls (Swamp:3)
  The ghost of Tinylith the Impaler, a journeyman FoFi of Fedhas (Lair:6)
  3 eleionomae
  3 deep elf demonologists (Elf:3)
  4 deep elf annihilators
  A white draconian (Abyss:3)
  5 deep elf death magi
  7 deep elf high priests (Elf:3)
  Josephine (D:13)
  A great orb of eyes (Abyss:3)
  3 boulder beetles
  9 hydras
  A shambling mangrove (Swamp:2)
  9 naga warriors
  4 ogre magi
  Erica (D:8)
  An ice dragon (Lair:4)
  3 centaur warriors
  2 salamander tyrants (Snake:4)
  A death knight (D:9)
  6 alligators
  18 two-headed ogres
  5 anacondas
  23 dancing weapons
  A tengu warrior (D:15)
  A thrashing horror (Abyss:3)
  11 shock serpents
  13 naga sharpshooters
  Urug (Lair:6)
  Sonja (D:13)
  17 deep elf knights
  Nergalle (D:11)
  7 salamander mystics
  A death drake (Swamp:2)
  A fire crab (shapeshifter) (Elf:3)
  2 goliath frogs (Swamp:1)
  3 skeletal warriors (D:14)
  2 deep trolls (Orc:2)
  7 spriggan druids
  4 swamp dragons
  16 bog bodies
  4 deep elf archers
  8 naga ritualists
  15 deep elf zephyrmancers
  5 wizards
  2 necromancers
  34 deep elf pyromancers
  5 spectral hydras (Swamp:2)
  2 phantasmal warriors
  10 mana vipers
  An oklob plant (D:6)
  3 orc knights
  23 ugly things
  5 orc sorcerers
  4 will-o-the-wisps
  6 goliath frog zombies (Swamp:2)
  14 salamanders
  3 manticores
  6 cyclopes
  7 elephants
  10 guardian serpents
  38 black mambas
  A smoke demon (Abyss:3)
  Maurice (D:13)
  10 naga magi
  A torpor snail (Lair:6)
  13 cane toads
  3 gargoyles
  2 unseen horrors
  3 swamp worm zombies (Swamp:2)
  A rime drake (shapeshifter) (D:15)
  4 rime drakes
  11 komodo dragons
  A freezing wraith (D:9)
  A tengu conjurer (Elf:1)
  14 trolls
  3 bloated husks
  5 polar bears
  A queen bee (Lair:3)
  9 tyrant leeches
  3 meliai (D:13)
  A harpy skeleton (D:15)
  9 hornets
  9 blink frogs
  4 alligator zombies (Swamp:2)
  A spectral swamp dragon (Swamp:2)
  18 dream sheep (Lair:6)
  9 slime creatures
  2 air elementals (Elf:3)
  Sigmund (D:5)
  2 water elementals (D:13)
  A ynoxinul (Abyss:3)
  2 tyrant leech zombies (Swamp:2)
  24 spriggans
  4 large abominations
  4 hogs (D:13)
  60 yaks
  7 wyverns
  A fire elemental (Elf:3)
  5 wraiths
  2 basilisks
  A steam dragon (D:10)
  2 wargs (Orc:2)
  18 vampire mosquitoes
  29 nagas
  11 swamp worms
  A swamp worm (shapeshifter) (D:13)
  17 water moccasins
  2 acid dragons
  A sky beast (D:8)
  A small abomination (Abyss:3)
  3 swamp drakes (Swamp:4)
  7 black bears
  30 ogres
  An ice beast (D:6)
  20 orc warriors
  5 boggarts
  A necrophage (D:8)
  11 centaurs
  48 wolves
  A phantom (D:5)
  A kobold brigand (D:6)
  An earth elemental (Elf:3)
  4 scorpions
  12 bullfrogs
  A gnoll sergeant (D:6)
  37 killer bees
  2 spriggan zombies (Swamp:2)
  12 wights
  2 electric eels (D:13)
  3 howler monkeys
  A bullfrog zombie (D:6)
  2 hounds (D:6)
  3 centaur skeletons
  Crazy Yiuf (D:3)
  18 orc priests
  4 centaur zombies
  A gnoll shaman (D:7)
  2 bullfrog skeletons
  2 iguanas
  21 orc wizards
  9 gnolls
  A howler monkey skeleton (D:7)
  8 adders
  A shadow imp (D:6)
  5 white imps
  2 ufetubi
  A worm (D:4)
  6 dart slugs
  85 orcs
  5 ball pythons
  2 endoplasms
  2 giant cockroaches
  7 goblins
  3 hobgoblins (D:1)
  14 jackals
  3 quokkas
  A bat (D:2)
  6 frilled lizards
  19 kobolds
  5 rats
  A spectral kobold (D:14)
  A plant (D:6)
  3 starspawn tentacles (Abyss:3)
1239 creatures vanquished.

Vanquished Creatures (others)
  12 foxfires
  51 fungi
  45 plants
  14 starspawn tentacles (Abyss:3)
  2 withered plants (Swamp:2)
124 creatures vanquished.

Grand Total: 1363 creatures vanquished

Notes
Turn   | Place    | Note
-------+----------+-------------------------------------------
     0 | D:1      | Peloso the Minotaur Fighter began the quest for the Orb.
     0 | D:1      | Reached XP level 1. HP: 19/19 MP: 0/0
   380 | D:1      | Reached XP level 2. HP: 27/27 MP: 1/1
   712 | D:1      | Reached XP level 3. HP: 32/33 MP: 2/2
   994 | D:1      | Found a faded altar of an unknown god.
   995 | D:1      | Noticed a great orb of eyes
  1000 | D:1      | Noticed a golden eye
  1004 | D:1      | Noticed a floating eye
  1004 | D:1      | Noticed a floating eye
  1177 | D:1      | Gained mutation: Your mind is acute. (Int +2) [potion of
                  | mutation]
  1177 | D:1      | Gained mutation: You have sharp toenails. [potion of
                  | mutation]
  1538 | D:2      | Reached XP level 4. HP: 40/40 MP: 3/3
  1734 | D:3      | Found an iron altar of Okawaru.
  1754 | D:3      | Became a worshipper of Warmaster Okawaru
  1848 | D:3      | You fall into a shaft and drop 3 floors!
  1979 | D:6      | Reached XP level 5. HP: 45/47 MP: 4/4
  1997 | D:6      | Noticed a black bear
  2017 | D:6      | Killed a black bear
  2018 | D:6      | Reached skill level 5 in Armour
  2128 | D:5      | Entered Level 5 of the Dungeon
  2128 | D:5      | Noticed an ogre
  2133 | D:6      | Reached XP level 6. HP: 54/55 MP: 5/5
  2608 | D:6      | Reached * piety under Okawaru
  2609 | D:6      | Reached skill level 5 in Long Blades
  2642 | D:5      | Reached skill level 5 in Shields
  2728 | D:3      | Reached skill level 1 in Dodging
  2773 | D:3      | Found a white marble altar of Elyvilon.
  2773 | D:3      | Found an ancient bone altar of Kikubaaqudgha.
  2773 | D:3      | Found a hide-covered altar of Uskayaw.
  3263 | D:3      | Found a runed translucent door.
  3264 | D:3      | Noticed Crazy Yiuf
  3591 | D:3      | Found an opulent altar of Gozag.
  3950 | D:4      | Reached skill level 5 in Fighting
  3950 | D:4      | Reached XP level 7. HP: 48/61 MP: 6/6
  4026 | D:4      | Found a shimmering blue altar of Sif Muna.
  4285 | D:4      | Found a sparkling altar of Nemelex Xobeh.
  4414 | D:4      | Reached ** piety under Okawaru
  4868 | D:4      | Identified a scroll of acquirement
  4868 | D:4      | Acquired the amulet "Reokayt" {rElec Regen+}
  4892 | D:4      | Reached skill level 1 in Short Blades
  4892 | D:4      | Reached skill level 1 in Slings
  4892 | D:4      | Reached skill level 1 in Bows
  4892 | D:4      | Reached skill level 1 in Crossbows
  4892 | D:4      | Reached skill level 1 in Throwing
  4892 | D:4      | Reached skill level 1 in Stealth
  4892 | D:4      | Reached skill level 1 in Unarmed Combat
  4892 | D:4      | Reached skill level 1 in Spellcasting
  4892 | D:4      | Reached skill level 1 in Conjurations
  4892 | D:4      | Reached skill level 1 in Hexes
  4892 | D:4      | Reached skill level 1 in Summonings
  4892 | D:4      | Reached skill level 1 in Necromancy
  4892 | D:4      | Reached skill level 1 in Transmutations
  4892 | D:4      | Reached skill level 1 in Fire Magic
  4892 | D:4      | Reached skill level 1 in Ice Magic
  4892 | D:4      | Reached skill level 1 in Air Magic
  4892 | D:4      | Reached skill level 1 in Earth Magic
  4892 | D:4      | Reached skill level 1 in Poison Magic
  4892 | D:4      | Reached skill level 1 in Invocations
  4892 | D:4      | Reached skill level 1 in Evocations
  4892 | D:4      | Reached XP level 8. HP: 71/71 MP: 6/8
  5054 | D:5      | Found a staircase to the Ecumenical Temple.
  5079 | Temple   | Entered the Ecumenical Temple
  5137 | D:5      | Found Taewyph's Weapon Shoppe.
  5351 | D:5      | Noticed Sigmund
  5357 | D:5      | Killed Sigmund
  5406 | D:5      | Found a shadowy altar of Dithmenos.
  5477 | D:5      | Reached XP level 9. HP: 43/78 MP: 9/9
  5689 | D:6      | Noticed a two-headed ogre
  5719 | D:6      | Killed a two-headed ogre
  5725 | D:6      | Reached *** piety under Okawaru
  6241 | D:6      | Found an ornate altar of the Wu Jian Council.
  6285 | D:6      | Found a blossoming altar of Fedhas.
  6300 | D:6      | Noticed an oklob plant
  6545 | D:6      | Found a stormy altar of Qazlal.
  7107 | D:7      | Found a bloodstained altar of Trog.
  7152 | D:7      | Found a broken altar of Ashenzari.
  7227 | D:7      | Reached **** piety under Okawaru
  7228 | D:7      | Reached XP level 10. HP: 72/86 MP: 8/10
  7281 | D:7      | Found a burning altar of Makhleb.
  7338 | D:7      | Identified the +3 ring mail of the Cricket {rC+ Regen+
                  | Int-3}
  7400 | D:8      | Found Cusyq's Distillery.
  7408 | D:8      | Bought a potion of mutation for 128 gold pieces
  7582 | D:8      | Noticed Erica
  7590 | D:8      | Killed Erica
  8024 | D:8      | Found a staircase to the Lair.
  8253 | D:9      | Reached ***** piety under Okawaru
  8373 | D:9      | Noticed a phantasmal warrior
  8394 | D:9      | Killed a phantasmal warrior
  8476 | D:9      | Noticed a death knight
  8478 | D:9      | Reached skill level 10 in Long Blades
  8487 | D:9      | Killed a death knight
  8763 | D:9      | Reached XP level 11. HP: 89/94 MP: 6/11
  9352 | D:10     | Entered Level 10 of the Dungeon
  9394 | D:10     | Identified the +2 whip of Abomination {vorpal, rN+}
  9447 | D:10     | Found a staircase to the Orcish Mines.
  9450 | D:10     | Noticed an orc knight
  9492 | D:10     | Received a gift from Okawaru
  9768 | D:10     | Found Rinut's General Store.
 10019 | D:10     | Killed an orc knight
 10020 | D:10     | Reached skill level 10 in Armour
 10245 | D:10     | Found Upaanuf's Assorted Antiques.
 10245 | D:10     | Found Noasol's Antique Armour Emporium.
 10250 | D:10     | Bought a glowing yellow potion for 28 gold pieces
 10348 | D:10     | Found Savueppi's Weapon Boutique.
 10424 | D:10     | Found Wauxkisch's Antique Armour Boutique.
 10688 | Lair:1   | Entered Level 1 of the Lair of Beasts
 10915 | Lair:1   | Received a gift from Okawaru
 11831 | Lair:2   | Noticed a six-headed hydra
 11839 | Lair:2   | Killed a one-headed hydra
 11840 | Lair:2   | Reached skill level 10 in Fighting
 11840 | Lair:2   | Reached XP level 12. HP: 87/106 MP: 6/12
 12497 | Lair:2   | Identified the +1 pair of boots "Vitusuec" {+Inv} (Okawaru
                  | gifted it to you on level 2 of the Lair of Beasts)
 12497 | Lair:2   | Received a gift from Okawaru
 12976 | Lair:3   | Noticed a boulder beetle
 12990 | Lair:3   | Killed a boulder beetle
 13079 | Lair:3   | Found a staircase to the Snake Pit.
 13322 | Lair:3   | Found a staircase to the Swamp.
 14714 | Lair:4   | Reached ****** piety under Okawaru
 14784 | Lair:4   | Reached XP level 13. HP: 97/116 MP: 2/13
 15035 | Lair:4   | Reached skill level 10 in Shields
 15045 | Lair:3   | Identified the +2 pair of gloves "Jailydisk" {+Blink rN+
                  | Str+4 Stlth-} (Okawaru gifted it to you on level 3 of the
                  | Lair of Beasts)
 15045 | Lair:3   | Received a gift from Okawaru
 15726 | Lair:4   | Identified the +11 broad axe of Indignation {drain, *Rage
                  | rPois rC+ Str+4}
 16913 | D:11     | Noticed Nergalle
 16925 | D:11     | Killed Nergalle
 17020 | Orc:1    | Entered Level 1 of the Orcish Mines
 17181 | Orc:1    | Found Waakh's Weapon Boutique.
 17326 | Orc:2    | Entered Level 2 of the Orcish Mines
 17326 | Orc:2    | Found a staircase to the Elven Halls.
 17618 | Orc:2    | Reached skill level 15 in Long Blades
 17650 | Orc:1    | Received a gift from Okawaru
 17825 | Orc:2    | Reached skill level 15 in Armour
 17830 | Orc:2    | Reached XP level 14. HP: 120/127 MP: 14/14
 18023 | Orc:2    | Received a gift from Okawaru
 18182 | Orc:2    | Found Cyrum's Assorted Antiques.
 18184 | Orc:2    | Found Deitt's Distillery.
 18197 | Orc:2    | Found Iliarr's Book Shoppe.
 18198 | Orc:2    | Found Vofel's Weapon Emporium.
 18200 | Orc:2    | Bought a smoky orange potion for 31 gold pieces
 19559 | D:13     | Noticed Maurice
 19561 | D:13     | Noticed Sonja
 19561 | D:13     | Noticed Kirke
 19582 | D:13     | Received a gift from Okawaru
 19592 | D:13     | Killed Kirke
 19597 | D:13     | Killed Maurice
 19602 | D:13     | Killed Sonja
 19832 | D:13     | Noticed Frances
 19857 | D:13     | Killed Frances
 19857 | D:13     | Identified the +0 pair of gloves of Wariness {rC+ rN+
                  | Regen+ Str+5 Int-4} (Okawaru gifted it to you on level 13
                  | of the Dungeon)
 19857 | D:13     | Received a gift from Okawaru
 20005 | D:13     | Noticed Josephine
 20016 | D:13     | Killed Josephine
 20551 | Lair:5   | Identified the +2 ring mail of Courage {rF+ Int+4}
 20722 | Lair:5   | Found a sparkling altar of Nemelex Xobeh.
 21210 | Lair:6   | Entered Level 6 of the Lair of Beasts
 21212 | Lair:6   | Found a runed translucent door.
 21220 | Lair:6   | Noticed Tinylith's ghost (journeyman FoFi)
 21260 | Lair:6   | Noticed Rupert
 21283 | Lair:6   | Noticed Urug
 21291 | Lair:5   | Reached XP level 15. HP: 76/139 MP: 15/15
 21409 | Lair:6   | Killed Urug
 21657 | Lair:6   | Received a gift from Okawaru
 21677 | Lair:6   | Reached skill level 15 in Fighting
 21860 | Lair:6   | Identified the +10 shortbow of Extom {flame, rC+ rN+
                  | Stlth+}
 22291 | Lair:6   | Killed Rupert
 22291 | Lair:6   | Received a gift from Okawaru
 22322 | Lair:6   | Killed Tinylith's ghost
 22384 | Lair:6   | Found a runed translucent door.
 22385 | Lair:6   | Found a viscous altar of Jiyva.
 22385 | Lair:6   | Noticed an azure jelly
 22387 | Lair:6   | Found a staircase to the Slime Pits.
 22399 | Lair:6   | Killed an azure jelly
 23142 | D:10     | Bought a translucent plate armour for 784 gold pieces
 23142 | D:10     | Identified the +1 plate armour "Billoili" {*Slow rC+ rN+}
                  | (You bought it in a shop on level 10 of the Dungeon)
 23780 | D:14     | Found a gate to the Vaults.
 23917 | D:14     | Got the Reference Book on Captivating Evil Arts
 24139 | D:14     | Identified the +0 ring mail of Integrity {Rampage Regen+}
                  | (Okawaru gifted it to you on level 14 of the Dungeon)
 24139 | D:14     | Received a gift from Okawaru
 24149 | D:14     | Found a hazy altar of Hepliaklqana.
 24268 | D:15     | Entered Level 15 of the Dungeon
 24385 | D:15     | Identified the +2 leather armour of Light {Int+4}
 24391 | D:15     | Found Naufahuisch's Jewellery Emporium.
 24455 | D:15     | Reached XP level 16. HP: 151/151 MP: 16/16
 24977 | D:15     | Found a staircase to the Depths.
 26886 | D:3      | Killed Crazy Yiuf
 27273 | Swamp:1  | Entered Level 1 of the Swamp
 27285 | Swamp:1  | Noticed Donald
 27287 | Swamp:1  | Identified the +4 kite shield "Wanou" {Will+} (Okawaru
                  | gifted it to you on level 1 of the Swamp)
 27287 | Swamp:1  | Received a gift from Okawaru
 27296 | Swamp:1  | Killed Donald
 28303 | Swamp:2  | Identified the +5 scale mail of Zuopsum {rCorr} (Okawaru
                  | gifted it to you on level 2 of the Swamp)
 28303 | Swamp:2  | Received a gift from Okawaru
 28540 | Swamp:2  | Identified the +9 arbalest "Neop" {penet, rPois Dex+2
                  | Stlth+}
 28866 | Snake:1  | Entered Level 1 of the Snake Pit
 28885 | Snake:1  | Reached skill level 15 in Shields
 28962 | Snake:1  | Reached XP level 17. HP: 118/162 MP: 18/18
 29739 | Snake:2  | Received a gift from Okawaru
 30494 | Elf:1    | Entered Level 1 of the Elven Halls
 30912 | Elf:1    | Received a gift from Okawaru
 31223 | Elf:2    | Found a runed translucent gate.
 31224 | Elf:2    | Found a runed translucent gate.
 31225 | Elf:2    | Found a runed translucent gate.
 31449 | Elf:2    | Identified the +9 longbow of Famine {venom, rElec Int+2}
 31481 | Elf:2    | Found Hushrost's Armour Emporium.
 31701 | Elf:2    | Found a large runed translucent door.
 31701 | Elf:2    | Found a large runed translucent door.
 31749 | Elf:2    | Identified the -2 cloak "Xizair" {rC+} (Okawaru gifted it
                  | to you on level 2 of the Elven Halls)
 31749 | Elf:2    | Received a gift from Okawaru
 31959 | Elf:2    | Reached XP level 18. HP: 130/176 MP: 19/19
 32187 | Elf:2    | Noticed dvd2's ghost (adept MfGl)
 32205 | Elf:2    | Killed dvd2's ghost
 32363 | Elf:3    | Entered Level 3 of the Elven Halls
 32381 | Elf:3    | Noticed a Tzitzimitl
 32393 | Elf:3    | Cast into level 3 of the Abyss (a deep elf sorcerer)
 32801 | Abyss:3  | Noticed a bone dragon
 32965 | Abyss:3  | Killed a bone dragon
 32970 | Abyss:3  | Found a corrupted altar of Lugonu.
 33090 | Abyss:3  | Noticed a lich
 33109 | Abyss:3  | Killed a lich
 33173 | Elf:3    | Escaped the Abyss
 33760 | Elf:3    | Noticed a Brimstone Fiend
 33956 | Elf:3    | Received a gift from Okawaru
 33994 | Elf:3    | Identified the +2 scimitar "Yjosk" {venom, *Corrode rC+
                  | Str+4 Int+4 SInv} (Okawaru gifted it to you on level 3 of
                  | the Elven Halls)
 33994 | Elf:3    | Received a gift from Okawaru
 34271 | Elf:3    | Identified the +1 falchion "Yzxap" {vorpal, Contam Str+6
                  | Int+3}
 34330 | Elf:3    | Identified the amulet "Qittargh" {Reflect rPois Str+2 Dex-3
                  | Slay+5 SH+5}
 34353 | Elf:3    | Received a gift from Okawaru
 34360 | Elf:3    | Identified the +9 scale mail "Utaxan" {rC++ Dex+5 Slay-4}
 34367 | Elf:3    | Identified the ring of Leq Udgh {rN+ Int+4 SInv}
 34483 | Elf:3    | Identified the +0 chain mail of Valiance {Rampage rPois
                  | Str+4}
 34484 | Elf:3    | Identified the amulet "Jengayth" {Acrobat *Corrode Int+8
                  | SInv}
 34490 | Elf:3    | Identified the -2 pair of gloves of Icutso Vequ {Stlth+}
 34494 | Elf:3    | Identified the +1 leather armour "Veaxuy" {Regen+ rCorr
                  | Int-4}
 35806 | Snake:3  | Found Judu's Jewellery Emporium.
 35808 | Snake:3  | Found Dudwaez's Assorted Antiques.
 35810 | Snake:3  | Found Jemuscho's Assorted Antiques.
 35842 | Snake:3  | Bought a scroll of magic mapping for 98 gold pieces
 35879 | Snake:3  | Found Fadeig's Antique Armour Emporium.
 35887 | Snake:3  | Bought a twisted cloak for 228 gold pieces
 35887 | Snake:3  | Identified the +1 cloak "Gagatt" {rF+ rC+ Dex+5} (You
                  | bought it in a shop on level 3 of the Snake Pit)
 35916 | Snake:3  | Identified the +2 leather armour of the Evening Star {rC+
                  | Will- Dex+4}
 36403 | Snake:4  | Entered Level 4 of the Snake Pit
 36724 | Snake:4  | Identified the +4 halberd "Kifaw" {vorpal, rElec rF+ Str+2}
                  | (Okawaru gifted it to you on level 4 of the Snake Pit)
 36724 | Snake:4  | Received a gift from Okawaru
 36725 | Snake:4  | Reached XP level 19. HP: 183/185 MP: 20/20
 36773 | Snake:4  | Found Ochi's Assorted Antiques.
 36787 | Snake:4  | Found Maloler's Antique Weapon Shoppe.
 36787 | Snake:4  | Found Xexyse's Armour Emporium.
 36799 | Snake:4  | Found Featy's General Store.
 36806 | Snake:4  | Bought a potion of mutation for 240 gold pieces
 36809 | Snake:4  | Bought a runed demon blade for 450 gold pieces
 36814 | Snake:4  | Bought a wand of digging (5) for 342 gold pieces
 36998 | Snake:4  | Noticed Vashnia
 37011 | Snake:4  | Killed Vashnia
 37344 | Snake:4  | Received a gift from Okawaru
 37549 | Snake:4  | Got a serpentine rune of Zot
 38010 | Swamp:3  | Noticed hitsuchi's ghost (adept DgCj)
 38010 | Swamp:3  | Found a runed translucent gate.
 38010 | Swamp:3  | Found a runed translucent gate.
 38010 | Swamp:3  | Found a runed translucent gate.
 38468 | Swamp:3  | Killed hitsuchi's ghost
 38468 | Swamp:3  | Received a gift from Okawaru
 38522 | Swamp:4  | Entered Level 4 of the Swamp
 38522 | Swamp:4  | Noticed Aizul
 38535 | Swamp:4  | Killed Aizul
 38721 | Swamp:4  | Constricted to death by a shambling mangrove

Illustrated notes

Levels and vault maps discovered:
D:1:      minmay_arrival_stair_chambers, layout_basic,
          hellmonk_ecumenical_altar_watching_god, hangedman_glass_teeth,
          minmay_heptomino_l4
D:2:      layout_rooms
D:3:      layout_basic, nicolae_overflow_crystal_walls,
          nicolae_gozag_seed_capital, gammafunk_temple_overflow_claw,
          grunt_decor_fettered, uniq_crazy_yiuf_cottage
D:4:      layout_gridville, lemuel_coloured_pillars_altar,
          mainiacjoe_overflow_cross_hatched
D:5:      layout_loops_ring, grunt_dithmenos_smoke_and_mirrors,
          minmay_temple_entry_antechambers, kennysheep_windowed_goal,
          uniq_sigmund
D:6:      minmay_recursive_quarters, layout_loops_ring,
          pdpol_wu_jian_five_deadly_venoms, mainiacjoe_overflow_surrounded_room,
          tgw_fedhas
D:7:      layout_cave_pools, overflow_temple_1_default, kennysheep_mini_moat,
          kennysheep_little_box
D:8:      layout_rooms, david_lair_shrubbed, serial_shops, shop, uniq_erica
D:9:      layout_loops_ring
D:10:     layout_irregular_city, david_orc_5, serial_shops, nicolae_shop_trees,
          nicolae_shop_statue_plus, nicolae_stop_n_shop_1,
          nicolae_shop_behind_doors, shop, st_stairs_14,
          david_defended_altar_orc
D:11:     layout_small_grid, lightli_orcish_oven, uniq_nergalle
D:12:     layout_roguey
D:13:     layout_basic, small_chamber_with_monster, uniq_sonja, uniq_kirke,
          uniq_frances, uniq_maurice, uniq_josephine
D:14:     layout_layer_cave, david_vaults_1, minivault_19,
          hangedman_decor_lopped, minmay_crystal_room,
          nicolae_hepliaklqana_monster_ancestors
D:15:     grunt_enter_depths_magical_seal, layout_long_grid,
          corexii_corridor_pit, serial_shops, shop
Temple:   corrupted_temple
Lair:1:   layout_regular_city, minivault_11, minivault_27,
          infiniplex_staircase_pool, grunt_megastairs_2
Lair:2:   layout_small_grid, grunt_megastairs_4, lemuel_fruit_tree
Lair:3:   layout_cave_pods, skrybe_swamp_entry_bodies,
          minmay_snake_entry_guardpost_small, special_room [special_room_bee]
Lair:4:   layout_cave_pods, serial_bayou_pond_c, bobbens_ice_dragon_lair,
          grunt_megastairs_5
Lair:5:   layout_regular_city, basic_altar, minivault_26
Lair:6:   minmay_lair_end_enchanted_forest, layout_small_grid, slime_altar_2,
          ebering_ghost_reflecting_pool, serial_bayou_shore_b, uniq_urug,
          uniq_rupert
Swamp:1:  layout_falls_marsh, hangedman_swamp_lotus, uniq_donald
Swamp:2:  cheibrodos_swamp_mausoleum, layout_basic_swamp,
          nicolae_swamp_little_tower
Swamp:3:  layout_falls_marsh, ebering_ghost_rock_garden,
          nicolae_swamp_fairy_circle
Swamp:4:  swamp, layout_basic_swamp, swamp_pool1, uniq_aizul
Snake:1:  layout_misc_corridors
Snake:2:  nrook_guardian_serpent_snake_passage, layout_cave_town
Snake:3:  layout_basic, serial_shops, nicolae_lakefront_shop, minmay_shop_star
Snake:4:  johnstein_snake_rune_scales, layout_cave_town, minmay_shoptagon
Orc:1:    layout_diamond_mine, serial_shops, nicolae_shop_waterfront
Orc:2:    st_orc_open, layout_caves
Elf:1:    minmay_elf_arrival_summoners, layout_loops_cross,
          hangedman_elf_disciples
Elf:2:    nicolae_elf_blades_splatter_lattice
          [nicolae_blade_entry_diamond_columns], layout_rooms, serial_shops,
          nicolae_shop_statue_plus, ebering_ghost_disaster_area
Elf:3:    minmay_elf_hall_hex, layout_onion_city, fountainhead,
          amcnicky_mini_corridor_feature, nicolae_elf_v_pinch, st_stairs_6,
          nicolae_elf_glassroom_feature

Skill      XL: |  1  2  3  4  5  6  7  8  9 10 11 12 13 14 15 16 17 18 19 |
---------------+----------------------------------------------------------+-----
Armour         | 4 5 6 7 8 9 11 12 15 16 18 19 20 21 | 21.4
Fighting       | 4 5 6 7 8 10 11 12 14 16 17 19 20 | 20.8
Long Blades    | 3 4 5 6 7 8 10 12 14 15 16 17 18 19 20 21 | 21.0
Shields        | 4 5 6 7 8 9 11 12 13 15 16 18 19 | 19.6
Dodging        | 1 2 |  2.6
Short Blades   | 1 |  1.9
Axes           | 2 |  2.1
Maces & Flails | 2 |  2.1
Polearms       | 3 |  3.8
Staves         | 2 |  2.1
Slings         | 1 |  1.9
Bows           | 1 |  1.9
Crossbows      | 1 |  1.9
Throwing       | 1 |  1.7
Stealth        | 1 2 3 4 |  4.0
Unarmed Combat | 1 |  1.9
Spellcasting   | 1 |  1.1
Conjurations   | 1 |  1.2
Hexes          | 1 |  1.1
Summonings     | 1 |  1.2
Necromancy     | 1 |  1.2
Translocations | 2 |  2.0
Transmutations | 1 |  1.3
Fire Magic     | 1 |  1.2
Ice Magic      | 1 |  1.2
Air Magic      | 1 |  1.2
Earth Magic    | 1 |  1.3
Poison Magic   | 1 |  1.2
Invocations    | 1 2 |  2.9
Evocations     | 1 2 |  2.6

Action                   |  1- 3 |  4- 6 |  7- 9 | 10-12 | 13-15 | 16-18 | 19-21 || total
-------------------------+-------+-------+-------+-------+-------+-------+-------++-------
Melee: Long sword        |    94 |    79 |   228 |    22 |       |       |       ||   423
       Headbutt          |     9 |    12 |    40 |   117 |   240 |   237 |    84 ||   739
       Kick              |     4 |    27 |       |       |       |       |       ||    31
       Scimitar          |       |       |       |   564 |   755 |       |     2 ||  1321
       Double sword      |       |       |       |       |   258 |   965 |   274 ||  1497
Invok: Heroism           |       |       |     1 |     3 |    10 |     2 |     3 ||    19
Evoke: Wand              |       |     3 |       |       |    12 |     6 |       ||    21
  Use: Potion            |     2 |     1 |     6 |     3 |     1 |       |       ||    13
       Scroll            |     2 |       |    13 |     5 |    11 |     5 |     1 ||    37
 Stab: Distracted        |       |       |       |       |       |    12 |     6 ||    18
Armor: Scale mail        |    61 |    36 |       |       |       |       |       ||    97
       Gold dragon scale |       |    17 |   195 |   459 |   925 |   487 |   154 ||  2237
Dodge: Dodged            |    53 |    29 |    58 |   143 |   340 |   171 |    77 ||   871
Block: Buckler           |    22 |    24 |    82 |   174 |   429 |    23 |       ||   754
       Kite shield       |       |       |       |       |       |   618 |   275 ||   893
